 Dungeon Crawl Stone Soup version 0.29.1-13-g9f3cf754e1 (webtiles) character file.

Game seed: 15874668949013854684

1255 FaviusArthum the Destroyer (level 8, -18/41 HPs)
             Began as a Deep Elf Conjurer on Jan 28, 2023.
             Demolished by an ogre
             ... wielding a +0 giant club
              (29 damage)
             ... on level 5 of the Dungeon.
             The game lasted 00:20:24 (8240 turns).

FaviusArthum the Destroyer (Deep Elf Conjurer)      Turns: 8240, Time: 00:20:24

Health: -18/41     AC:  3    Str:  4    XL:     8   Next: 26%
Magic:  4/21       EV: 12    Int: 26    God:
Gold:   159        SH:  0    Dex: 13    Spells: 15/22 levels left

rFire   . . .      SeeInvis .   n - +5 flail (protect)
rCold   . . .      Faith    .   (no shield)
rNeg    . . .      Spirit   .   a - +0 robe
rPois   .          Reflect  .   (no helmet)
rElec   .          Harm     .   j - +0 cloak
rCorr   .          Rampage  .   (no gloves)
Will    .....                   (no boots)
Stlth   +++.......              (no amulet)
HPRegen 0.13/turn               (no ring)
MPRegen 0.17/turn               (no ring)

@: no status effects
A: no striking features
a: no special abilities


You were on level 5 of the Dungeon.
You visited 2 branches of the dungeon, and saw 6 of its levels.

You collected 159 gold pieces.

Inventory:

Hand Weapons
 g - a +0 club
 k - a +2 flail of holy wrath
 l - a +0 dagger
 n - a +5 flail of protection (weapon)
Armour
 a - a +0 robe (worn)
 j - a +0 cloak (worn)
Jewellery
 p - a ring of protection from fire
Wands
 o - a wand of iceblast (19)
Scrolls
 e - 2 scrolls of vulnerability
 f - a scroll of noise {unknown}
Potions
 b - a potion of flight {unknown}
 d - 2 potions of attraction
 h - a potion of mutation {unknown}
 i - a potion of resistance {unknown}


   Skills:
 + Level 3.0 Dodging
 + Level 4.8 Stealth
 + Level 7.9 Spellcasting
 + Level 8.0 Conjurations
 * Level 5.2 Hexes


You had 15 spell levels left.
You knew the following spells:

 Your Spells              Type           Power      Damage    Failure   Level
a - Magic Dart            Conj           100%       1d8       1%          1
b - Searing Ray           Conj           100%       2d8       1%          2
c - Fulminant Prism       Conj/Hex       22%        3d13      3%          4

Your spell library contained the following spells:

 Spells                   Type           Power      Damage    Failure   Level
 Dazzling Flash           Conj/Hex       88%        N/A       1%          3
 Summon Small Mammal      Summ           40%        N/A       6%          1
 Summon Guardian Golem    Hex/Summ       24%        N/A       6%          3
 Iskenderun's Mystic Bla  Conj/Tloc      31%        2d8       11%         4
 Call Canine Familiar     Summ           10%        N/A       17%         3


Dungeon Overview and Level Annotations

Branches:
Dungeon (5/15)             Temple (1/1) D:4

Altars:
Ashenzari
Cheibriados
Dithmenos
Fedhas
Gozag
Hepliaklqana
Kikubaaqudgha
Nemelex Xobeh
Qazlal
Trog
Uskayaw
Vehumet
Wu Jian
Zin
The Shining One

Annotations:
D:3 Grinder


Message History

The gnoll is heavily wounded.
The gnoll hits you with a +0 club.
Aiming: Iceblast
Press: ? - help, Shift-Dir - straight line, p - gnoll
Okay, then.
Casting: Magic Dart (safe; 1% risk of failure)
Confirm with . or Enter, or press ? or * to list all spells.
Aiming: Magic Dart (safe; 1% risk of failure)
Press: ? - help, Shift-Dir - straight line, f - gnoll
Aim: a gnoll, wielding a +0 club (heavily wounded, 100% to hit)
The magic dart hits the gnoll.
The gnoll is severely wounded.
The gnoll hits you with a +0 club! The ogre closely misses you.
You hit the gnoll.
Your weapon exudes an aura of protection.
The gnoll is almost dead.
The gnoll hits you but does no damage. The gnoll hits you with a +0 club.
The ogre hits you with a +0 giant club.
* * * LOW HITPOINT WARNING * * *
You hit the gnoll.
You kill the gnoll!
The ogre completely misses you.
As you read the scroll of fog, it crumbles to dust.
The scroll dissolves into smoke.
You see here a +0 club.
You feel better. The ogre completely misses you.
Casting: Magic Dart (safe; 1% risk of failure)
Confirm with . or Enter, or press ? or * to list all spells.
Aiming: Magic Dart (safe; 1% risk of failure)
Press: ? - help, Shift-Dir - straight line, f - ogre
Aim: an ogre, wielding a +0 giant club (black smoke, moderately wounded, 100% to hit)
The magic dart hits the ogre.
The ogre is severely wounded.
The ogre hits you with a +0 giant club!
* * * LOW HITPOINT WARNING * * *
An ogre is nearby!
There is an open door here.
The ogre hits you with a +0 giant club!!
Ouch! That really hurt!
You die...

#.########.#### #.#
#.##..........# #.#
##'##.#.###O#..# #..
##...#.#.# #.#..# ##.
##......#.###.#g.# #.
##.......#.#...)..# #.
#..........#.#....########
..'.........O........)...†..
###........@........########
##.......####.#.### #
##.....## #.## # ##...## #.
##'## ... .... .#


You could see an ogre.

Vanquished Creatures
  Edmund (D:4)
  Duvessa (D:4)
  A black bear (D:5)
  A centaur (D:5)
  2 phantoms (D:5)
  Blork the orc (D:4)
  A gnoll sergeant (D:5)
  A necrophage (D:5)
  Dowan (D:4)
  A howler monkey (D:5)
  Jessica (D:3)
  3 iguanas
  Ijyb (D:3)
  9 gnolls (D:5)
  10 adders
  A shadow imp (D:3)
  4 worms
  6 dart slugs
  7 orcs (D:4)
  6 ball pythons
  6 endoplasms
  2 giant cockroaches
  3 goblins
  11 hobgoblins
  8 jackals
  4 quokkas
  2 bats (D:1)
  3 frilled lizards
  4 kobolds
  6 rats
  A fulminant prism (D:5)
109 creatures vanquished.

Vanquished Creatures (others)
  A human (D:4)
  30 fulminant prisms
31 creatures vanquished.

Grand Total: 140 creatures vanquished

Notes
Turn   | Place    | Note
-------+----------+-------------------------------------------
     0 | D:1      | FaviusArthum the Deep Elf Conjurer began the quest for the
                  | Orb.
     0 | D:1      | Reached XP level 1. HP: 10/10 MP: 6/6
   217 | D:1      | Reached XP level 2. HP: 15/15 MP: 6/8
   220 | D:1      | Learned a level 2 spell: Searing Ray
   470 | D:1      | Reached skill level 5 in Conjurations
   762 | D:1      | Found a faded altar of an unknown god.
   898 | D:1      | Reached XP level 3. HP: 19/19 MP: 4/9
  1566 | D:2      | Reached XP level 4. HP: 24/24 MP: 8/11
  1571 | D:2      | Learned a level 4 spell: Fulminant Prism
  2275 | D:2      | Reached skill level 6 in Conjurations
  2936 | D:3      | Noticed Grinder
  3059 | D:3      | Noticed Jessica
  3063 | D:3      | Killed Jessica
  3064 | D:3      | Reached XP level 5. HP: 16/28 MP: 5/14
  3587 | D:3      | Noticed Ijyb
  3617 | D:3      | Reached skill level 5 in Spellcasting
  3766 | D:4      | Found a staircase to the Ecumenical Temple.
  3802 | D:4      | Noticed Blork the orc
  3812 | D:4      | Killed Blork the orc
  3813 | D:4      | Reached XP level 6. HP: 13/32 MP: 8/16
  4007 | D:4      | Reached skill level 1 in Hexes
  4152 | Temple   | Entered the Ecumenical Temple
  5042 | D:4      | Found a bloodstained altar of Trog.
  5177 | D:4      | Noticed Edmund
  5186 | D:4      | Found an ancient bone altar of Kikubaaqudgha.
  5197 | D:4      | Killed Edmund
  5297 | D:4      | Noticed a human
  5300 | D:4      | Killed a human
  5431 | D:4      | Noticed Duvessa
  5440 | D:4      | Killed Duvessa
  5441 | D:4      | Reached skill level 7 in Conjurations
  5441 | D:4      | Reached XP level 7. HP: 36/36 MP: 6/18
  5447 | D:4      | Noticed Dowan
  5456 | D:4      | Killed Dowan
  5759 | D:4      | Found an opulent altar of Gozag.
  6166 | D:3      | Killed Ijyb
  6436 | D:5      | Entered Level 5 of the Dungeon
  7417 | D:5      | Reached XP level 8. HP: 41/41 MP: 5/21
  8181 | D:5      | Reached skill level 8 in Conjurations
  8181 | D:5      | Reached skill level 5 in Hexes
  8240 | D:5      | Demolished by an ogre

Illustrated notes

Levels and vault maps discovered:
D:1:      dpeg_arrival_erosion, layout_basic, hellmonk_ecumenical_altar_zigzags,
          dk_noncrumbling_2
D:2:      layout_basic
D:3:      layout_loops_ring, uniq_jessica, uniq_grinder, uniq_ijyb
D:4:      layout_loops_corners, lemuel_tele_altar, tgw_kikubaaqudgha,
          trog_hazing_becter, minmay_temple_entry_stoned_glass, uniq_duvessa,
          uniq_blork_the_orc, uniq_edmund
D:5:      layout_loops_corners, nicolae_alphabet_shops,
          ebering_dispersal_statue_hall, nrook_mini_backslash
Temple:   nicolae_temple_slightly_damp_pantheon

Skill      XL: |  1  2  3  4  5  6  7  8 |
---------------+-------------------------+-----
Conjurations   | 5 6 7 8 |  8.0
Stealth        | 3 4 |  4.8
Spellcasting   | 4 5 6 7 |  7.9
Hexes          | 2 4 5 |  5.2
Dodging        | 3 |  3.0

Action                   |  1- 3 |  4- 6 |  7- 9 || total
-------------------------+-------+-------+-------++-------
Melee: Flail             |       |       |     3 ||     3
 Cast: Magic Dart        |    59 |    89 |    35 ||   183
       Searing Ray       |     5 |    26 |    15 ||    46
       Fulminant Prism   |       |     8 |    23 ||    31
  Use: Scroll            |       |     4 |     8 ||    12
       Potion            |       |     1 |     3 ||     4
Armor: Robe              |       |     1 |     2 ||     3
Dodge: Dodged            |     1 |     8 |    15 ||    24
